 Dungeon Crawl Stone Soup version 0.32-a0-876-gcfddb08e57 (webtiles) character file.

Game seed: 2585894015679669298

63 Autsider the Magician (level 3, -2/19 HPs)
             Began as a Deep Elf Hedge Wizard on Mar 31, 2024.
             Slain by a goblin
             ... wielding a +2 dagger of electrocution
             ... led by Robin
              (13 damage)
             ... on level 2 of the Dungeon.
             The game lasted 00:07:29 (2378 turns).

Autsider the Magician (Deep Elf Hedge Wizard)       Turns: 2378, Time: 00:07:29

Health: -2/19      AC:  2    Str:  7    XL:     3   Next: 87%
Magic:  3/10       EV: 11    Int: 20    God:
Gold:   50         SH:  0    Dex: 14    Spells: 4/10 levels left

rFire   . . .        (no weapon)
rCold   . . .        (no shield)
rNeg    . . .        b - +0 robe
rPois   .            c - +0 hat
rElec   .            (no cloak)
rCorr   .            (no gloves)
SInv    .            (no boots)
Will    .....        (no amulet)
Stlth   ++           (no ring)
HPRegen 0.23/turn    (no ring)
MPRegen 0.12/turn

%: no passive effects
@: very slightly contaminated
A: no striking features
a: no special abilities


You were on level 2 of the Dungeon.
You visited 1 branch of the dungeon, and saw 2 of its levels.

You collected 50 gold pieces.

Inventory:

Armour
 b - a +0 robe (worn)
 c - a +0 hat (worn)
Scrolls
 a - a scroll of torment {unknown}
 f - a scroll of amnesia
 g - a scroll of enchant weapon
Potions
 d - a potion of magic
 e - a potion of brilliance {unknown}
 h - a potion of cancellation {unknown}
 i - a potion of curing


   Skills:
 - Level 2.4 Dodging
 - Level 2.4 Stealth
 - Level 4.4 Spellcasting
 * Level 2.9 Conjurations
 + Level 2.1 Summonings
 - Level 1.1 Translocations
 + Level 1.5 Air Magic
 + Level 1.0 Alchemy


You had 4 spell levels left.
You knew the following spells:

 Your Spells              Type           Power      Damage    Failure   Level
a - Magic Dart            Conj           64%        1d6       3%          1
b - Mephitic Cloud        Conj/Alch/Air  11%        N/A       17%         3
A - Call Imp              Summ           24%        N/A       8%          2

Your spell library contained the following spells:

 Spells                   Type           Power      Damage    Failure   Level
 Freeze                   Ice            16%        1d4       12%         1
 Slow                     Hex            16%        N/A       12%         1
 Blink                    Tloc           16%        N/A       12%         2
 Cigotuvi's Dreadful Rot  Necr/Alch/Air  14%        N/A       13%         2
 Hailstorm                Conj/Ice       10%        3d6       21%         3
 Teleport Other           Tloc           8%         N/A       24%         3
 Frozen Ramparts          Ice            8%         1d2       36%         3
 Fugue of the Fallen      Necr           4%         N/A       36%         3
 Ozocubu's Armour         Ice            4%         N/A       36%         3
 Dispersal                Tloc           4%         N/A       100%        6
 Gell's Gavotte           Tloc           4%         2d(13-19) 100%        6
 Manifold Assault         Tloc           4%         N/A       100%        7


Dungeon Overview and Level Annotations

Branches:
Dungeon (2/15)

Altars:

Annotations:
D:2 Robin, Terence


Message History

* * * LOW HITPOINT WARNING * * *
Your cerulean imp closely misses the goblin.
The goblin hits you but does no damage.
You see here a +0 chain mail.
Your cerulean imp barely misses the goblin.
Something hits your cerulean imp.
Terence hits your cerulean imp with a +0 short sword.
Your cerulean imp hits Terence with a -3 spear.
Something hits your cerulean imp.
Terence hits your cerulean imp with a +0 short sword.
Something hits your cerulean imp.
Your cerulean imp dies!
Your cerulean imp disappears in a puff of smoke!
Terence says, "You're history."
You see here a bat skeleton.
You see here a bat skeleton.
Casting: Magic Dart (safe; 3% risk of failure)
Confirm with . or Enter, or press ? or * to list all spells.
Aiming: Magic Dart (safe; 3% risk of failure)
Press: ? - help, Shift-Dir - straight line, f - goblin
Aim: a goblin, wielding a +0 club (100% to hit)
The magic dart hits the goblin.
You kill the goblin!
Robin throws the goblin at you! The goblin barely misses you.
You miss the goblin.
The goblin is severely wounded.
The goblin closely misses you.
Casting: Magic Dart (safe; 3% risk of failure)
Confirm with . or Enter, or press ? or * to list all spells.
Aiming: Magic Dart (safe; 3% risk of failure)
Press: ? - help, Shift-Dir - straight line, f - goblin
Aim: a goblin, wielding a +2 dagger of electrocution (severely wounded, 100% to hit)
You miscast Magic Dart.
You are very lightly contaminated with residual magic.
Nothing appears to happen.
The goblin hits you with a +2 dagger of electrocution.
* * * LOW HITPOINT WARNING * * *
You are electrocuted!
Ouch! That really hurt!
You die...

.. #.#.#.#.#.#.#...... #.
......)g....##### ###.#+##
#.#.#.#[#÷#### .<....#
########@....# #....# .#
##gg###.# #....# #.#######...#
.# # #..<.#
#.#.....#..####.#.# #....#
###.#.....#.......#.# #....#
#...g@..g.#÷÷.......#
#....####......###@.......##
#.........................###.
##.............#...#.....[....
#.............#...#......####
#.)...........#...#..........
#.............#...#..........
#.......###...#####..........
#.......# ##### #######....


You could see Terence, Robin and a goblin.

Vanquished Creatures
  A dart slug (D:1)
  A ribbon worm (D:2)
  An endoplasm (D:2)
  2 giant cockroaches (D:1)
  14 goblins
  5 hobgoblins
  3 kobolds
  A quokka (D:1)
  6 ball pythons
  4 bats
  6 frilled lizards (D:1)
  2 rats
46 creatures vanquished.

Vanquished Creatures (collateral kills)
  2 endoplasms
  A hobgoblin (D:2)
  A bat (D:2)
  A goblin (D:1)
  A rat (D:2)
6 creatures vanquished.

Grand Total: 52 creatures vanquished

Notes
Turn   | Place    | Note
-------+----------+-------------------------------------------
     0 | D:1      | Autsider the Deep Elf Hedge Wizard began the quest for the
                  | Orb.
     0 | D:1      | Reached XP level 1. HP: 10/10 MP: 7/7
   448 | D:1      | Reached XP level 2. HP: 15/15 MP: 0/9
   580 | D:1      | Learned a level 2 spell: Call Imp
   769 | D:1      | Reached skill level 1 in Air Magic
  1648 | D:1      | Reached XP level 3. HP: 19/19 MP: 4/10
  1652 | D:1      | Learned a level 3 spell: Mephitic Cloud
  2287 | D:2      | Noticed Robin
  2350 | D:2      | Reached skill level 1 in Alchemy
  2356 | D:2      | Noticed Terence
  2378 | D:2      | Slain by a goblin

Illustrated notes

Levels and vault maps discovered:
D:1:      nicolae_arrival_somewhat_less_tricky_arrival, layout_basic,
          serial_bayou_ford_a, bh_walls_and_bars
D:2:      layout_basic, grunt_ministairs_1, dk_noncrumbling_4, st_stairs_12,
          uniq_natasha, uniq_terence, uniq_robin

Skill      XL: |  1  2  3 |
---------------+----------+-----
Conjurations   | 2 |  2.9
Air Magic      | 1 |  1.5
Summonings     | 2 |  2.1
Alchemy        | 1 |  1.0
Dodging        | |  2.4
Stealth        | |  2.4
Spellcasting   | |  4.4
Translocations | |  1.1

Action                     || total
---------------------------++-------
  Melee: Dagger            ||     5
         Unarmed           ||     1
   Cast: Magic Dart        ||   118
         Call Imp          ||     8
    Use: Scroll            ||     6
 Armour: Robe              ||    30
  Dodge: Dodged            ||    23

Table legend: (Time is in decaauts)
 A = Elapsed time spent in this place.
 B = Non-inter-level travel time spent in this place.
 C = Inter-level travel time spent in this place.
 D = Time resting spent in this place.
 E = Time spent auto-exploring this place.
 F = Levels seen in this place.
 G = Mean time per level.
                   A        B        C        D        E       F      G
               +--------+--------+--------+--------+--------+-----+--------+
         Total |   2380 |   2352 |     28 |    237 |   1705 |   2 | 1190.0 |
       Dungeon |   2380 |   2352 |     28 |    237 |   1705 |   2 | 1190.0 |
               +--------+--------+--------+--------+--------+-----+--------+

Top non-repeatable levels by time:
     D:1: 1810 daAuts
     D:2: 569 daAuts
